 Dungeon Crawl Stone Soup version 0.26-a0-651-gb41185065b (webtiles) character file.

Game seed: 9655577419560402968

5 Azzok the Chopper (level 1, -5/18 HPs)
             Began as a Demonspawn Berserker on Oct 30, 2020.
             Was a Follower of Trog.
             Killed from afar by Sigmund (7 damage)
             ... with a puff of flame
             ... on level 2 of the Dungeon.
             The game lasted 00:00:28 (615 turns).

Azzok the Chopper (Demonspawn Berserker)             Turns: 615, Time: 00:00:28

Health: -5/18      AC:  6    Str: 17    XL:     1   Next: 66%
Magic:  1/1        EV: 10    Int:  8    God:    Trog [*.....]
Gold:   50         SH:  0    Dex: 12    Spells: 0/0 levels left

rFire    . . .     SeeInvis .   a - +0 hand axe
rCold    . . .     Faith    .   (no shield)
rNeg     . . .     Spirit   .   f - +0 scale mail
rPois    .         Reflect  .   (no helmet)
rElec    .         Harm     .   (no cloak)
rCorr    .         Rampage  .   (no gloves)
MR       .....                  (no boots)
Stlth    ..........             (no amulet)
HPRegen  0.06/turn              (no ring)
MPRegen  0.07/turn              (no ring)

@: confused, berserk cooldown, slowed, very slow
A: no striking features
a: Berserk, Renounce Religion


You were on level 2 of the Dungeon.
You worshipped Trog.
Trog was aware of your devotion.
You visited 1 branch of the dungeon, and saw 2 of its levels.

You collected 50 gold pieces.

Inventory:

Hand Weapons
 a - a +0 hand axe (weapon)
Armour
 f - a +0 scale mail (worn)
Scrolls
 d - a scroll of identify {unknown}
 h - a scroll of teleportation {unknown}
Potions
 b - 2 potions of heal wounds {unknown}
 c - a potion of stabbing {unknown}
 e - 3 potions of curing {unknown}
 g - a potion of invisibility {unknown}


   Skills:
 - Level 3.0 Fighting
 + Level 3.1 Axes
 - Level 1.7 Armour
 - Level 1.7 Dodging


You couldn't memorise any spells.
You didn't know any spells.
Your spell library was empty.

Dungeon Overview and Level Annotations

Branches:
Dungeon (2/15)

Altars:

Annotations:
D:2 Robin, Sigmund


Message History

You hear some strange, mumbled words.
You are confused.
You hear some strange, mumbled words.
A puff of flame appears from out of thin air!
The puff of flame hits you!
* * * LOW HITPOINT WARNING * * *
You feel a strong urge to attack something.
You bump into the rock wall.
You feel your anger nearly subside.
A rat comes into view.
You are no longer berserk.
You are exhausted.
You feel yourself slow down.
You bump into the rock wall.
You hear some strange, mumbled words.
You are more confused.
You hear some strange, mumbled words.
A puff of flame appears from out of thin air!
The puff of flame hits you!
You die...

···▒ ···▒ ··▒ · ···
··▒▒ ▒·▒ ····· ▒·▒
·····?▒▒▒▒▒▒▒·▒▒▒▒▒···
▒····@{ggggggg·····
▒·····▒▒▒▒▒▒glg······
▒▒▒··· ····Kg···▒▒
▒·r▒· ·····<·······
▒·▒▒·▒·······=······
▒· ▒·········h······ ·
▒▒··············· ·
▒··············


You could see Robin, a hobgoblin (strong), 6 goblins, a frilled lizard and a
rat.

Vanquished Creatures
  3 goblins
  A kobold (D:1)
  A rat (D:1)
5 creatures vanquished.

Notes
Turn   | Place    | Note
-------+----------+-------------------------------------------
     0 | D:1      | Azzok the Demonspawn Berserker began the quest for the Orb.
     0 | D:1      | Reached XP level 1. HP: 18/18 MP: 1/1
   509 | D:2      | Noticed Sigmund
   511 | D:2      | Noticed a hound
   602 | D:2      | Noticed Robin
   615 | D:2      | Killed from afar by Sigmund

Illustrated notes

Levels and vault maps discovered:
D:1:      minmay_arrival_radiant_lines, layout_basic
D:2:      layout_rooms, chequers_temple_overflow_minitemple, uniq_sigmund,
          uniq_robin

Skill      XL: |  1 |
---------------+----+-----
Axes           | 3 |  3.1
Fighting       | |  3.0
Armour         | |  1.7
Dodging        | |  1.7

Action                   || total
-------------------------++-------
Melee: Hand axe          ||    19
Invok: Berserk           ||     1
Armor: Scale mail        ||     5
Dodge: Dodged            ||     6

Table legend: (Time is in decaauts)
 A = Elapsed time spent in this place.
 B = Non-inter-level travel time spent in this place.
 C = Inter-level travel time spent in this place.
 D = Time resting spent in this place.
 E = Time spent auto-exploring this place.
 F = Levels seen in this place.
 G = Mean time per level.
                   A        B        C        D        E       F      G
               +--------+--------+--------+--------+--------+-----+--------+
         Total |    614 |    593 |     21 |     78 |    436 |   2 |  307.0 |
       Dungeon |    614 |    593 |     21 |     78 |    436 |   2 |  307.0 |
               +--------+--------+--------+--------+--------+-----+--------+

Top non-repeatable levels by time:
     D:1: 586 daAuts
     D:2: 27 daAuts
